 Dungeon Crawl Stone Soup version 0.30.0-11-gf55b779eaf (webtiles) character file.

Game seed: 13607400423548093808

4408 rundlesten the Severer (level 10, -1/80 HPs)
             Began as a Minotaur Berserker on May 17, 2023.
             Was an Elder of Trog.
             Slain by Snorg (8 damage)
             ... on level 10 of the Dungeon.
             The game lasted 00:57:45 (7058 turns).

rundlesten the Severer (Minotaur Berserker)         Turns: 7058, Time: 00:57:49

Health: -1/80      AC: 16    Str: 23    XL:     10   Next: 14%
Magic:  9/9        EV: 12    Int:  4    God:    Trog [****..]
Gold:   538        SH:  5    Dex: 13    Spells: 9/9 levels left

rFire   . . .        E - +0 battleaxe
rCold   . . .        (shield currently unavailable)
rNeg    . . .        z - +0 plate armour
rPois   .            (helmet restricted)
rElec   .            x - +0 cloak
rCorr   .            p - +2 pair of gloves
SInv    .            (no boots)
Will    ++...        w - amulet of reflection Stlth
                     D - +5 ring of evasion
HPRegen 1.33/turn    s - +4 ring of slaying
MPRegen 0.11/turn

%: reflection
@: strong-willed, regenerating
A: horns 2, retaliatory headbutt
a: Renounce Religion, Berserk, Trog's Hand, Brothers in Arms


You were on level 10 of the Dungeon.
You worshipped Trog.
Trog was greatly pleased with you.
You visited 1 branch of the dungeon, and saw 9 of its levels.

You collected 538 gold pieces.

Inventory:

Hand Weapons
 a - a +0 hand axe
 m - a +0 sling
 A - a +2 hand axe of freezing
 C - a +0 war axe
 E - a +0 battleaxe (weapon)
Missiles
 j - 48 stones (quivered)
 t - 4 javelins
 u - a throwing net
 v - 19 poisoned darts
Armour
 h - a +0 kite shield
 p - a +2 pair of gloves (worn)
 x - a +0 cloak (worn)
 z - a +0 plate armour (worn)
Jewellery
 k - an amulet of the acrobat
 o - a ring of positive energy
 s - a +4 ring of slaying (right hand)
 w - an amulet of reflection (around neck)
 D - a +5 ring of evasion (left hand)
Wands
 L - a wand of roots (5)
Scrolls
 b - a scroll of vulnerability {unknown}
 f - a scroll of enchant armour {unknown}
 g - a scroll of enchant weapon {unknown}
 r - a scroll of fear
 y - a scroll of immolation
 B - 2 scrolls of butterflies
 G - 2 scrolls of magic mapping {unknown}
 I - a scroll of teleportation {unknown}
 J - a scroll of poison {unknown}
Potions
 c - 7 potions of curing
 d - 4 potions of mutation
 e - 4 potions of lignification
 i - 4 potions of brilliance
 l - 5 potions of heal wounds
 n - a potion of attraction {unknown}
 q - 2 potions of cancellation
 F - a potion of berserk rage {unknown}
 H - a potion of magic {unknown}
 K - a potion of flight {unknown}


   Skills:
 - Level 4.5 Fighting
 + Level 16.9 Axes
 - Level 4.0 Armour
 - Level 2.8 Dodging
 - Level 0.2 Stealth


You had 9 spell levels left.
You didn't know any spells.
Your spell library was empty.

Dungeon Overview and Level Annotations

Branches:
Dungeon (8/15)             Temple (0/1) D:6
   Lair: D:8-11

Altars:
Hepliaklqana
Kikubaaqudgha
Okawaru
Vehumet
Xom
The Shining One

Annotations:
D:10 Snorg


Innate Abilities, Weirdness & Mutations

You have a pair of horns on your head.
You reflexively headbutt those who attack you in melee.


Message History

You slash the vampire mosquito!
You destroy the vampire mosquito!
Trog accepts your kill.
You feel a strong urge to attack something.
You are no longer berserk.
You are exhausted.
You feel yourself slow down.
You feel the effects of Trog's Hand fading.
Your skin stops crawling.
You feel less strong-willed.
You feel yourself speed up.
You recover from your berserk rage.
Snorg the Insatiable comes into view.
Snorg goes berserk!
You hear a shout! x2
Snorg completely misses you. You furiously retaliate!
You headbutt Snorg! Snorg misses you. Snorg barely misses you.
Snorg closely misses you. You block Snorg's attack. Snorg barely misses you.
You barely miss Snorg. You headbutt Snorg.
Snorg is lightly wounded.
Snorg bites you. Snorg claws you but does no damage. Snorg claws you.
You slash Snorg! You headbutt Snorg.
Snorg is lightly wounded.
You block Snorg's attack. Snorg claws you. x2
You hit Snorg. You headbutt Snorg!
Snorg is moderately wounded.
Snorg barely misses you. x2; You block Snorg's attack.
Snorg bites you! Snorg claws you! Snorg claws you but does no damage.
You hit Snorg. You headbutt Snorg!
Snorg is moderately wounded.
You block Snorg's attack. x2; Snorg claws you!
You fail to use your ability.
Snorg completely misses you. Snorg closely misses you. Snorg claws you.
Your skin crawls.
You feel strong-willed. Snorg bites you but does no damage. Snorg claws you.
* * * LOW HITPOINT WARNING * * *
Snorg closely misses you. Snorg bites you!
* * * LOW HITPOINT WARNING * * *
Snorg claws you!
You die...

#.# .. #.#
.# #.# .#
###.##.##.#
#.........#
#.####.#.##
#.#.# #T#T#
#.#@# ..#.#
###.# #.#
#.# #.# #.#
#.# #.#


You could see Snorg (berserk).

Vanquished Creatures
  Psyche (D:8)
  Prince Ribbit (D:5)
  2 wyverns
  2 steam dragons (D:6)
  Menkaure (D:7)
  3 vampire mosquitoes (D:10)
  2 black bears
  An orc warrior (D:6)
  An ogre (D:6)
  A centaur (D:5)
  2 phantoms
  A kobold brigand (D:8)
  A bullfrog (D:7)
  A scorpion (D:3)
  A gnoll sergeant (D:8)
  8 wights (D:8)
  6 killer bees (D:8)
  A howler monkey (D:4)
  2 bullfrog zombies (D:5)
  3 jellies (D:6)
  5 orc priests
  7 hounds
  5 iguanas
  A scorpion zombie (D:5)
  2 sleepcaps
  7 orc wizards
  A hound zombie (D:5)
  16 gnolls
  10 adders
  A shadow imp (D:8)
  A white imp (D:7)
  3 ufetubi
  A worm (D:2)
  A dart slug (D:2)
  27 orcs
  4 bats
  7 endoplasms
  4 giant cockroaches
  12 goblins
  10 hobgoblins
  5 quokkas
  9 ball pythons
  2 frilled lizards
  9 kobolds
  6 rats
197 creatures vanquished.

Vanquished Creatures (others)
  A sky beast (D:7)
  An orc (D:6)
2 creatures vanquished.

Grand Total: 199 creatures vanquished

Notes
Turn   | Place    | Note
-------+----------+-------------------------------------------
     0 | D:1      | rundlesten the Minotaur Berserker began the quest for the
                  | Orb.
     0 | D:1      | Reached XP level 1. HP: 19/19 MP: 0/0
   208 | D:1      | Reached XP level 2. HP: 27/27 MP: 1/1
   343 | D:1      | Reached skill level 4 in Axes
  1168 | D:2      | Reached XP level 3. HP: 27/33 MP: 2/2
  1175 | D:2      | Reached ** piety under Trog
  1957 | D:3      | Reached XP level 4. HP: 25/41 MP: 3/3
  2207 | D:3      | Reached skill level 5 in Axes
  2207 | D:3      | Reached XP level 5. HP: 33/47 MP: 4/4
  2675 | D:4      | Reached skill level 6 in Axes
  2923 | D:4      | Reached XP level 6. HP: 51/53 MP: 5/5
  3137 | D:4      | Found a glowing golden altar of the Shining One.
  3223 | D:4      | Found an iron altar of Okawaru.
  3282 | D:5      | Entered Level 5 of the Dungeon
  3295 | D:5      | Reached skill level 7 in Axes
  3350 | D:5      | Reached *** piety under Trog
  3353 | D:5      | Reached skill level 8 in Axes
  3399 | D:5      | Reached XP level 7. HP: 60/60 MP: 6/6
  3471 | D:5      | Reached skill level 9 in Axes
  3532 | D:5      | Noticed a wyvern
  3544 | D:5      | Killed a wyvern
  3545 | D:5      | Reached skill level 10 in Axes
  3552 | D:5      | Reached XP level 8. HP: 67/67 MP: 7/7
  3732 | D:5      | Noticed Prince Ribbit
  3764 | D:5      | Killed Prince Ribbit
  3765 | D:5      | Reached skill level 11 in Axes
  4421 | D:6      | Reached skill level 12 in Axes
  4604 | D:6      | Found a staircase to the Ecumenical Temple.
  4725 | D:6      | Reached skill level 13 in Axes
  4734 | D:6      | Reached XP level 9. HP: 41/72 MP: 8/8
  5237 | D:7      | Reached skill level 14 in Axes
  5330 | D:7      | Noticed Menkaure
  5338 | D:7      | Killed Menkaure
  5493 | D:7      | Found an ancient bone altar of Kikubaaqudgha.
  5646 | D:7      | Reached **** piety under Trog
  5744 | D:7      | Reached skill level 15 in Axes
  5801 | D:7      | Found a hazy altar of Hepliaklqana.
  5803 | D:7      | Found a shimmering altar of Xom.
  5804 | D:7      | Noticed a spectral ugly thing
  6405 | D:8      | Reached skill level 16 in Axes
  6834 | D:8      | Noticed Psyche
  6843 | D:8      | Killed Psyche
  6844 | D:8      | Reached XP level 10. HP: 71/80 MP: 9/9
  6867 | D:8      | Found a radiant altar of Vehumet.
  6971 | D:8      | You fall into a shaft and drop 2 floors!
  6971 | D:10     | Entered Level 10 of the Dungeon
  7045 | D:10     | Noticed Snorg
  7058 | D:10     | Slain by Snorg

Illustrated notes

Levels and vault maps discovered:
D:1:      erik_arrival_blinker_ship, layout_loops_ring, serial_forest,
          infiniplex_forest_straight_2, infiniplex_forest_lined_1,
          infiniplex_forest_straight_2, infiniplex_forest_corner_1,
          infiniplex_forest_lined_room_, infiniplex_forest_lined_corner,
          infiniplex_forest_lined_3
D:2:      layout_loops_ring
D:3:      layout_rooms, minmay_misc_feat_rows, serial_bayou_crossing
D:4:      layout_gridville, mainiacjoe_overflow_catwalk, tso_oasis_becter,
          minmay_misc_feat_x, minmay_surrounded
D:5:      layout_basic, gup_sewer_entry_bowl, serial_undead, serial_undead_c,
          serial_undead_f, serial_undead_a, serial_undead_a, uniq_prince_ribbit1
D:6:      layout_rooms, minmay_temple_entry_from_below_a
D:7:      layout_cave_pools, regret_index_temple_of_mockery,
          kiku_gazebo_garden_becter, uniq_menkaure
D:8:      layout_basic, nicolae_overflow_crystal_walls, enter_bailey_3,
          uniq_psyche
D:10:     layout_loops_ring, uniq_snorg

Skill      XL: |  1  2  3  4  5  6  7  8  9 |
---------------+----------------------------+-----
Fighting       | 4 |  4.5
Axes           | 4 5 6 8 10 13 16 | 16.9
Armour         | 3 4 |  4.0
Dodging        | |  2.8
Stealth        | |  0.2

Action                     |  1- 3 |  4- 6 |  7- 9 | 10-12 || total
---------------------------+-------+-------+-------+-------++-------
  Melee: Hand axe          |    78 |   110 |   111 |       ||   299
         Headbutt          |    12 |    17 |    43 |     6 ||    78
         Punch             |       |     1 |     2 |       ||     3
         Battleaxe         |       |       |    95 |    17 ||   112
 Invoke: Berserk           |     1 |     3 |     6 |     1 ||    11
         Trog's Hand       |     1 |     1 |     3 |     2 ||     7
    Use: Scroll            |     3 |     1 |     4 |       ||     8
         Potion            |       |       |     1 |       ||     1
 Armour: Animal skin       |    11 |       |       |       ||    11
         Ring mail         |    25 |     7 |       |       ||    32
         Scale mail        |       |    25 |       |       ||    25
         Chain mail        |       |     8 |    24 |       ||    32
         Plate armour      |       |       |    86 |     7 ||    93
  Dodge: Dodged            |    63 |    80 |   124 |    16 ||   283
  Block: Other             |       |       |    37 |     6 ||    43
